 Dungeon Crawl Stone Soup version 0.25-a0-346-g140ab78 (webtiles) character file.

Game seed: 11928019940360980205, levelgen mode: deterministic

361265 datjocko the Phalangite (level 23, -10/288 HPs)
             Began as a Formicid Fighter on Dec 31, 2019.
             Was a High Priest of Okawaru.
             Shot with an arrow by a deep elf master archer (22 damage)
             ... on level 3 of the Elven Halls on Jan 1, 2020.
             The game lasted 06:00:40 (50222 turns).

datjocko the Phalangite (Formicid Fighter)         Turns: 50222, Time: 06:00:42

Health: -10/288    AC: 23    Str: 37    XL:     23   Next: 49%
Magic:  0/26       EV:  2    Int:  8    God:    Okawaru [*****.]
Gold:   464        SH:  0    Dex: 19    Spells: 22/22 levels left

rFire    + + .     SeeInvis .   D - +7 bardiche "Quhynan" {chop, Dex+3}
rCold    + . .     Gourm    .   b - +0 buckler of Medoivown {rPois Regen+ Str+6 Dex-3}
rNeg     + + +     Faith    .   (armour currently unavailable)
rPois    +         Spirit   +   (helmet unavailable)
rElec    +         Reflect  .   (cloak currently unavailable)
rCorr    +         Harm     .   (gloves currently unavailable)
MR       ++...                  (boots currently unavailable)
Stlth    +.........             B - amulet of guardian spirit
HPRegen  0.98/turn              p - ring "Qivak" {*Drain rN+ Dex+9 Slay+3 Stlth+}
MPRegen  0.20/turn              x - ring of Gagieniu {rElec rF+ rN+ Slay+2 Stlth-}

@: confused, lethally poisoned (-10 -> -10), tree-form, resistant, corroded
A: permanent stasis, dig shafts and tunnels, four strong arms, blurry vision 1
}: 2/15 runes: barnacled, gossamer
a: Heroism, Finesse, Renounce Religion


You were on level 3 of the Elven Halls.
You worshipped Okawaru.
Okawaru was extremely pleased with you.
You were not hungry.
You were a tree.
You visited 8 branches of the dungeon, and saw 39 of its levels.
You visited 1 bazaar.
You also visited: Ossuary, Gauntlet and Volcano.

You collected 4027 gold pieces.
You spent 3563 gold pieces at shops.

Inventory:

Hand Weapons
 D - the +7 bardiche "Quhynan" (weapon) {chop, Dex+3}
   (You found it on level 14 of the Dungeon)

   It inflicts extra damage upon your enemies.
   It affects your dexterity (+3).
Missiles
 T - 10 boomerangs (quivered)
 U - 65 javelins
Armour
 b - the +0 buckler of Medoivown (worn) {rPois Regen+ Str+6 Dex-3}
   (You bought it in a shop on level 2 of the Orcish Mines)

   It affects your strength (+6).
   It affects your dexterity (-3).
   It protects you from poison.
   It increases your rate of regeneration.
 c - the +0 pair of boots of the Mackerel (melded) {rN+ Dex+5}
   (Okawaru gifted it to you on level 1 of the Spider Nest)

   It affects your dexterity (+5).
   It protects you from negative energy.
 d - the +1 plate armour of Yschig (melded) {rN+ rCorr Slay+6}
   (You bought it in a shop in a bazaar)

   It affects your accuracy and damage with ranged weapons and melee attacks
   (+6).
   It protects you from negative energy.
   It provides partial protection from all sources of acid and corrosion.
 m - a +2 pair of gloves of strength (melded)
 n - a +2 cloak of invisibility (melded)
 t - a +1 cloak of fire resistance
 w - a +4 chain mail of fire resistance
 G - the +2 chain mail "Abrall" {rN+ Slay+5}
   (You found it on level 4 of the Dungeon)

   It affects your accuracy and damage with ranged weapons and melee attacks
   (+5).
   It protects you from negative energy.
 L - the +0 pair of boots "Toidd" {*Drain rF+ Stlth+}
   (Okawaru gifted it to you on level 4 of the Vaults)

   It protects you from fire.
   It causes draining when unequipped.
   It makes you more stealthy.
 M - +0 ice dragon scales
 W - the +2 shield of Tulips {MR+ Dex+3}
   (You bought it in a shop in a bazaar)

   It affects your dexterity (+3).
   It affects your resistance to hostile enchantments.
Jewellery
 o - an uncursed ring of protection from cold
 p - the ring "Qivak" (left branch) {*Drain rN+ Dex+9 Slay+3 Stlth+}
   (You found it on level 12 of the Dungeon)

   [ring of slaying]

   It affects your dexterity (+9).
   It affects your accuracy and damage with ranged weapons and melee attacks
   (+3).
   It protects you from negative energy.
   It causes draining when unequipped.
   It makes you more stealthy.
 x - the ring of Gagieniu (right branch) {rElec rF+ rN+ Slay+2 Stlth-}
   (You bought it in a shop on level 1 of the Orcish Mines)

   [ring of slaying]

   It affects your accuracy and damage with ranged weapons and melee attacks
   (+2).
   It protects you from fire.
   It insulates you from electricity.
   It protects you from negative energy.
   It makes you less stealthy.
 B - an amulet of guardian spirit (around neck)
 Z - an uncursed ring of protection from magic
Wands
 a - a wand of scattershot (4)
 z - a wand of digging (22)
 E - a wand of polymorph (17)
 I - a wand of enslavement (7)
 O - a wand of flame (66)
 R - a wand of paralysis (40)
 S - a wand of disintegration (60)
 V - a wand of iceblast (12)
Scrolls
 e - 2 scrolls of holy word
 g - 3 scrolls of silence
 h - 20 scrolls of remove curse
 i - 3 scrolls of fear
 u - 6 scrolls of amnesia
 C - a scroll of summoning
 H - 4 scrolls of enchant weapon
 N - 6 scrolls of magic mapping
 P - a scroll of enchant armour
 X - a scroll of fog
 Y - 13 scrolls of identify
Potions
 k - 5 potions of flight
 l - 4 potions of magic
 q - 2 potions of resistance
 r - 4 potions of invisibility
 s - 4 potions of agility
 v - 16 potions of curing
 A - 7 potions of lignification
 J - 3 potions of ambrosia
 K - 6 potions of brilliance
Miscellaneous
 j - a lamp of fire
 y - a phantom mirror
 Q - a phial of floods
Comestibles
 f - 27 rations


   Skills:
 + Level 18.4 Fighting
 + Level 23.0 Polearms
 - Level 5.0 Throwing
 + Level 18.4 Armour
 + Level 14.8 Dodging
 - Level 9.0 Shields
 - Level 5.0 Invocations
 - Level 5.0 Evocations


You had 22 spell levels left.
You didn't know any spells.
Your spell library contained the following spells:

 Spells                   Type           Power        Failure   Level  Hunger
 Animate Skeleton         Necr           N/A          41%         1    ##.....
 Apportation              Tloc           #.....       41%         1    ##.....
 Beastly Appendage        Tmut           #.....       41%         1    ##.....
 Corona                   Hex            #......      41%         1    ##.....
 Foxfire                  Conj/Fire      #...         41%         1    ##.....
 Pain                     Necr           #...         41%         1    ##.....
 Sting                    Tmut/Pois      #...         41%         1    ##.....
 Summon Butterflies       Summ           #.......     41%         1    ##.....
 Summon Small Mammal      Summ           #...         41%         1    ##.....
 Corpse Rot               Necr/Air       N/A          54%         2    ###....
 Poisonous Vapours        Pois/Air       #.....       54%         2    ###....
 Slow                     Hex            #.......     54%         2    ###....
 Sticks to Snakes         Tmut           #.......     54%         2    ###....
 Sublimation of Blood     Necr           #.........   54%         2    ###....
 Conjure Flame            Conj/Fire      #.......     78%         3    ####...
 Ignite Poison            Fire/Tmut/Pois #.......     78%         3    ####...
 Inner Flame              Hex/Fire       #.......     78%         3    ####...
 Lesser Beckoning         Tloc           #.........   78%         3    ####...
 Mephitic Cloud           Conj/Pois/Air  #.......     78%         3    ####...
 Portal Projectile        Hex/Tloc       #.....       78%         3    ####...
 Recall                   Summ/Tloc      N/A          78%         3    ####...
 Regeneration             Chrm/Necr      #.........   78%         3    ####...
 Spider Form              Tmut/Pois      #.........   78%         3    ####...
 Stone Arrow              Conj/Erth      #.....       78%         3    ####...
 Tukima's Dance           Hex            #.......     78%         3    ####...
 Vampiric Draining        Necr           #.........   78%         3    ####...
 Animate Dead             Necr           N/A          99%         4    #####..
 Cause Fear               Hex            #.........   99%         4    #####..
 Ice Form                 Ice/Tmut       #.......     99%         4    #####..
 Leda's Liquefaction      Hex/Erth       #.........   99%         4    #####..
 Olgreb's Toxic Radiance  Pois           #.......     99%         4    #####..
 Sticky Flame             Conj/Fire      #.......     99%         4    #####..
 Agony                    Necr           #.......     100%        5    ######.
 Alistair's Intoxication  Tmut/Pois      #.......     100%        5    ######.
 Blade Hands              Tmut           #.........   100%        5    ######.
 Bolt of Magma            Conj/Fire/Erth #.........   100%        5    ######.
 Borgnjor's Vile Clutch   Necr/Erth      #.........   100%        5    ######.
 Dispel Undead            Necr           #.......     100%        5    ######.
 Excruciating Wounds      Chrm/Necr      #.........   100%        5    ######.
 Fireball                 Conj/Fire      #.........   100%        5    ######.
 Iskenderun's Battlesphe  Conj/Chrm      #.......     100%        5    ######.
 Summon Demon             Summ           #.........   100%        5    ######.
 Summon Forest            Summ/Tloc      #.........   100%        5    ######.
 Death Channel            Necr           #.........   100%        6    #######
 Eringya's Noxious Bog    Tmut/Pois      #.........   100%        6    #######
 Hydra Form               Tmut           #.........   100%        6    #######
 Invisibility             Hex            #.......     100%        6    #######
 Iron Shot                Conj/Erth      #.........   100%        6    #######
 Simulacrum               Ice/Necr       #.........   100%        6    #######
 Orb of Destruction       Conj           #.........   100%        7    #######
 Spellforged Servitor     Conj/Summ      #.........   100%        7    #######
 Summon Hydra             Summ           #.........   100%        7    #######


Dungeon Overview and Level Annotations

Branches:
Dungeon (15/15)            Temple (1/1) D:6            Lair (6/6) D:8
 Shoals (4/4) Lair:2       Spider (4/4) Lair:3        Slime (0/5) Lair:5
    Orc (2/2) D:10            Elf (3/3) Orc:2        Vaults (4/5) D:14
  Crypt (0/3) Vaults:3     Depths (0/5) D:15        Ossuary (visited)
Volcano (visited)         Gauntlet (visited)

Altars:
Ashenzari
Cheibriados
Dithmenos
Elyvilon
Fedhas
Gozag
Hepliaklqana
Kikubaaqudgha
Makhleb
Nemelex Xobeh
Okawaru
Qazlal
Ru
Sif Muna
Trog
Uskayaw
Wu Jian
Xom
Yredelemnul
Zin
The Shining One
Beogh
Jiyva

Shops:
D:5 [   D:14 ?   Orc:1 =   Orc:2 ::([(   Elf:1 *   Elf:2 (%   Elf:3 !}(
Shoals:1 :   Vaults:2 =   Vaults:4 %

Annotations:
D:12 exclusions: ice statue and obsidian statue
Lair:2 exclusion: electric eel
Lair:3 exclusion: orange crystal statue
Shoals:2 2 transporters, krigyl's ghost, adept HaHu
Vaults:3 2 runed translucent doors, Kilextei's ghost, adept DsGl; jejorda2's ghost, adept TrFi


Innate Abilities, Weirdness & Mutations

You cannot be hasted, slowed, berserked, paralysed or teleported.
You can dig through walls and to a lower floor.
Your four strong arms can wield two-handed weapons with a shield.
((You have a pair of large antennae on your head. (SInv)))
Scrolls take you a little longer to read.


Message History

The deep elf high priest hits you but does no damage.
You carve the deep elf high priest like a ham!!!
The lost soul assumes the form of the deep elf high priest and becomes anchored to this world!
The deep elf annihilator is empowered by something's aura!
The deep elf elementalist gestures wildly while chanting.
The deep elf elementalist seems to speed up.
The deep elf master archer shoots an arrow.
The arrow hits you!
* * * LOW HITPOINT WARNING * * *
The deep elf master archer wields a +0 longbow.
The deep elf master archer shoots an arrow.
The arrow hits you!
* * * LOW HITPOINT WARNING * * *
You chop the ghostly deep elf high priest into pieces!!!
You destroy the ghostly deep elf high priest!
Okawaru accepts your kill.
The deep elf annihilator seems less brilliant.
The deep elf master archer shoots an arrow.
The arrow hits you!!
You die... .###. {.#.e { §..ee{ #eee# {{ #eee#

{ #e#e# #.#e# # #§#♣#
.# { #Ee)#
..#############.#####
.....'.....'...e....#
.....#.....#........#
.....#.....#........+
####'###'########+###
.............
.............


You could see 2 deep elf master archers, 4 deep elf annihilators, a deep elf
death mage, a deep elf sorcerer, 2 deep elf elementalists, an earth elemental
and a deep elf mage.

Vanquished Creatures
  Mara (Vaults:4)
  Sojobo (Vaults:1)
  Frederick (D:14)
  Nikola (Shoals:3)
  Arachne (Spider:4)
  Rupert (Vaults:1)
  2 deep elf blademasters (Elf:3)
  Polyphemus (Shoals:2)
  A tengu reaver (Vaults:3)
  Donald (Orc:2)
  A draconian knight (Vaults:1)
  A deep elf sorcerer (Elf:3)
  An orc warlord (Orc:1)
  2 frost giants
  9 vault wardens
  5 ghost moths
  3 emperor scorpions
  3 stone giants
  A ghoul (Vaults:4)
  8 ironheart preservers
  4 very ugly things
  An entropy weaver (Spider:4)
  3 vampire knights
  Nessos (Orc:2)
  2 deep elf demonologists
  4 spark wasps
  Azrael (Spider:3)
  A minotaur (Gauntlet)
  A dire elephant (Lair:6)
  A deep elf annihilator (Elf:3)
  Snorg (Lair:4)
  2 deep elf death magi (Vaults:3)
  3 ettins
  2 merfolk javelineers (Shoals:4)
  2 fire dragons
  Josephine (D:11)
  2 deep elf high priests (Elf:3)
  Harold (D:8)
  A yaktaur captain (Vaults:2)
  14 merfolk impalers
  4 great orbs of eyes
  12 vault guards
  5 hydras
  3 ice dragons
  11 ogre magi
  2 rakshasas
  4 merfolk avatars
  8 centaur warriors
  6 merfolk aquamancers
  4 death knights
  3 alligator snapping turtles
  4 catoblepae
  24 dancing weapons
  31 two-headed ogres
  4 satyrs
  10 death yaks
  A tengu warrior (D:15)
  2 deep troll earth magi (Vaults:2)
  Urug (Lair:3)
  18 deep elf knights
  A deep troll shaman (Vaults:4)
  An orc high priest (Orc:2)
  Sonja (Lair:5)
  2 shadow wraiths
  6 skeletal warriors
  13 sea snakes
  A flayed ghost (Vaults:4)
  An unseen horror (shapeshifter) (Vaults:4)
  A fire crab (Lair:6)
  16 deep trolls
  3 unseen horrors
  4 wizards
  10 deep elf archers
  8 ironbrand convokers
  Pikel (D:4)
  8 harpies
  7 lindwurms
  A tengu skeleton (Vaults:4)
  49 deep elf magi
  2 orc sorcerers (Vaults:4)
  10 orc knights
  26 orb spiders
  A wolf spider zombie (D:15)
  4 necromancers
  2 phantasmal warriors
  14 manticores
  6 fauns
  36 ugly things
  A stone giant zombie (Vaults:3)
  38 wolf spiders
  6 cyclopes
  2 moths of wrath
  Joseph (D:8)
  11 vault sentinels
  Maurice (D:11)
  17 elephants
  3 merfolk sirens
  7 water nymphs
  4 molten gargoyles (Volcano)
  8 torpor snails
  A black mamba (Lair:4)
  16 spiny frogs
  2 naga magi (D:15)
  An eye of devastation (Gauntlet)
  2 gargoyles
  2 kobold demonologists
  11 komodo dragons
  25 yaktaurs
  2 rime drakes (Lair:6)
  11 freezing wraiths
  2 efreet (D:15)
  15 demonic crawlers
  An ice devil (Gauntlet)
  31 jumping spiders
  3 meliai (Gauntlet)
  19 merfolk
  2 polar bears
  8 trolls
  14 hornets
  11 wind drakes
  3 tyrant leeches (Lair:6)
  A meliai (shapeshifter) (D:14)
  12 hippogriffs
  12 slime creatures
  19 dream sheep
  An ettin zombie (Vaults:4)
  10 snapping turtles
  6 blink frogs (Lair:6)
  A frost giant simulacrum (Vaults:1)
  44 redbacks
  4 spriggans
  7 wraiths
  2 shadows
  A vampire (D:14)
  17 water elementals
  5 wyverns
  48 yaks
  Eustachio (D:5)
  2 air elementals (Elf:2)
  51 tarantellas
  8 basilisks
  6 fire elementals
  A steam dragon (D:13)
  A tarantella (shapeshifter) (Vaults:3)
  2 hungry ghosts
  A golden eye (shapeshifter) (Vaults:3)
  A human simulacrum (Vaults:1)
  3 vampire mosquitoes (D:14)
  A harpy simulacrum (D:15)
  A yaktaur simulacrum (Vaults:2)
  A soldier ant (D:14)
  3 wargs
  An acid dragon (Vaults:2)
  12 water moccasins
  5 hell hounds (Spider:3)
  A floating eye (Gauntlet)
  22 orc warriors
  7 porcupines
  A black bear (D:13)
  5 sky beasts
  An elf zombie (Vaults:4)
  A black bear (shapeshifter) (Vaults:2)
  An ettin simulacrum (Vaults:3)
  3 ice beasts
  29 ogres
  15 wolves
  2 phantoms
  4 boggarts (Vaults:2)
  38 centaurs
  13 crocodiles
  10 big kobolds
  3 human zombies
  Blork the orc (D:5)
  14 bullfrogs
  A wyvern zombie (D:15)
  3 earth elementals
  A wyvern skeleton (D:9)
  8 scorpions
  An orc simulacrum (Vaults:1)
  4 wights (D:13)
  4 howler monkeys
  5 electric eels
  10 crimson imps
  2 bullfrog zombies
  6 centaur zombies
  8 hounds
  4 jellies
  4 centaur skeletons
  A bullfrog skeleton (D:10)
  17 orc priests
  6 iguanas
  31 orc wizards
  Ijyb (D:3)
  2 hell rats (D:8)
  14 worker ants
  A killer bee zombie (D:8)
  8 mummies (Ossuary)
  A hound skeleton (D:5)
  A killer bee simulacrum (D:10)
  A worker ant zombie (D:8)
  A howler monkey skeleton (D:6)
  4 gnolls (D:6)
  24 adders
  3 river rats (D:8)
  5 shadow imps
  3 white imps (Gauntlet)
  An ooze (D:2)
  An adder skeleton (D:5)
  2 dart slugs (D:2)
  5 leopard geckos
  93 orcs
  5 giant cockroaches
  7 goblins
  11 hobgoblins
  3 jackals (D:11)
  7 quokkas
  3 bats
  7 frilled lizards
  A gnoll zombie (Ossuary)
  4 hobgoblin zombies (Ossuary)
  A jackal skeleton (D:7)
  42 kobolds
  A kobold zombie (Ossuary)
  A leopard gecko zombie (D:5)
  2 orc zombies (Ossuary)
  4 rats
  A fire vortex (Volcano)
  3 plants
1618 creatures vanquished.

Vanquished Creatures (collateral kills)
  A water nymph (Shoals:4)
  A wind drake (Shoals:4)
2 creatures vanquished.

Vanquished Creatures (others)
  A merfolk aquamancer (Shoals:3)
  3 hornets
  An ogre (Vaults:2)
  A hound (D:4)
  A worm (D:4)
  A kobold (D:8)
  A bush (Lair:6)
  27 fungi
  32 plants
68 creatures vanquished.

Grand Total: 1688 creatures vanquished

Notes
Turn   | Place    | Note
-------+----------+-------------------------------------------
     0 | D:1      | datjocko the Formicid Fighter began the quest for the Orb.
     0 | D:1      | Reached XP level 1. HP: 18/18 MP: 1/1
   142 | D:1      | Reached XP level 2. HP: 23/24 MP: 2/2
   222 | D:1      | Reached skill level 3 in Polearms
   275 | D:1      | Reached XP level 3. HP: 29/29 MP: 3/3
   967 | D:2      | Reached skill level 4 in Polearms
   967 | D:2      | Reached XP level 4. HP: 35/35 MP: 4/4
  1443 | D:2      | Found a blossoming altar of Fedhas.
  1575 | D:3      | Noticed a bullfrog
  1585 | D:3      | Killed a bullfrog
  1585 | D:3      | Reached skill level 5 in Polearms
  1585 | D:3      | Reached XP level 5. HP: 41/41 MP: 5/5
  1899 | D:3      | Noticed Ijyb
  1918 | D:3      | Killed Ijyb
  1918 | D:3      | Reached XP level 6. HP: 44/47 MP: 6/6
  2192 | D:4      | Noticed an ogre
  2212 | D:3      | Reached skill level 6 in Polearms
  2302 | D:4      | Noticed a slave
  2302 | D:4      | Noticed a slave
  2303 | D:4      | Noticed Pikel
  2305 | D:4      | Noticed a slave
  2305 | D:4      | Noticed a slave
  2361 | D:4      | Killed Pikel
  2361 | D:4      | Reached skill level 8 in Polearms
  2361 | D:4      | Reached XP level 7. HP: 16/52 MP: 3/7
  2361 | D:4      | Reached XP level 8. HP: 17/58 MP: 3/8
  3151 | D:4      | Got a slimy chain mail
  3182 | D:4      | Identified the +2 chain mail "Abrall" {rN+ Slay+5} (You
                  | found it on level 4 of the Dungeon)
  3183 | D:5      | Entered Level 5 of the Dungeon
  3192 | D:5      | Found Tizotid's Armour Boutique.
  3203 | D:5      | Reached skill level 9 in Polearms
  3387 | D:5      | Found a snail-covered altar of Cheibriados.
  3387 | D:5      | Found a burning altar of Makhleb.
  3387 | D:5      | Found a white marble altar of Elyvilon.
  3763 | D:5      | Noticed Eustachio
  3881 | D:5      | Killed Eustachio
  3881 | D:5      | Reached skill level 10 in Polearms
  3915 | D:5      | Reached XP level 9. HP: 64/64 MP: 9/9
  3933 | D:5      | Identified the Disquisition on Evil Rites
  4071 | D:6      | Found a staircase to the Ecumenical Temple.
  4097 | Temple   | Entered the Ecumenical Temple
  4201 | Temple   | Became a worshipper of Warmaster Okawaru
  4276 | D:6      | Noticed Blork the orc
  4300 | D:5      | Killed Blork the orc
  4300 | D:5      | Reached skill level 11 in Polearms
  4495 | D:6      | Reached skill level 1 in Invocations
  4598 | D:6      | Found an opulent altar of Gozag.
  4894 | D:6      | Reached * piety under Okawaru
  5862 | D:7      | Reached skill level 12 in Polearms
  6009 | D:7      | Reached XP level 10. HP: 70/70 MP: 13/13
  6026 | D:8      | Found a sand-covered staircase.
  6042 | Ossuary  | Entered an ossuary
  6122 | Ossuary  | Reached skill level 5 in Invocations
  6343 | D:8      | Noticed Harold
  6491 | D:7      | Reached ** piety under Okawaru
  6529 | D:8      | Noticed Joseph
  6599 | D:8      | Killed Harold
  6599 | D:8      | Reached skill level 13 in Polearms
  7059 | D:8      | Reached *** piety under Okawaru
  7483 | D:9      | Reached skill level 14 in Polearms
  7598 | D:9      | Noticed a skeletal warrior
  7740 | D:9      | Reached skill level 1 in Throwing
  7936 | D:9      | Killed a skeletal warrior
  7936 | D:9      | Reached XP level 11. HP: 77/77 MP: 12/14
  8187 | D:10     | Entered Level 10 of the Dungeon
  8246 | D:10     | Reached **** piety under Okawaru
  8303 | D:10     | Reached skill level 5 in Shields
  8372 | D:10     | Received a gift from Okawaru
  8382 | D:10     | Reached skill level 5 in Armour
  8533 | D:10     | Found a staircase to the Orcish Mines.
  8561 | D:10     | Reached skill level 5 in Fighting
  8906 | D:10     | Noticed a green ugly thing
  8931 | D:10     | Killed a green ugly thing
  9662 | D:11     | Noticed Josephine
  9678 | D:11     | Killed Josephine
  9678 | D:11     | Received a gift from Okawaru
  9750 | D:11     | Noticed a green ugly thing
  9783 | D:11     | Noticed a six-headed hydra
  9787 | D:11     | Noticed a green ugly thing
  9788 | D:11     | Killed a six-headed hydra
  9788 | D:11     | Reached ***** piety under Okawaru
  9798 | D:11     | Killed a green ugly thing
  9810 | D:11     | Killed a cyan ugly thing
  9810 | D:11     | Received a gift from Okawaru
  9810 | D:11     | Reached skill level 5 in Throwing
  9810 | D:11     | Reached XP level 12. HP: 75/89 MP: 13/15
  9970 | D:11     | You fall into a shaft and drop 2 floors!
 10228 | D:13     | Received a gift from Okawaru
 10493 | D:13     | Noticed a centaur warrior
 10507 | D:13     | Killed a centaur warrior
 10784 | D:11     | Received a gift from Okawaru
 10820 | D:11     | Reached skill level 1 in Dodging
 11039 | D:11     | Noticed Maurice
 11047 | D:11     | Killed Maurice
 11819 | D:12     | Got a glittering platinum ring
 11884 | D:12     | Reached XP level 13. HP: 91/101 MP: 14/16
 13304 | D:8      | Killed Joseph
 13856 | D:8      | Received a gift from Okawaru
 13973 | D:8      | Found a staircase to the Lair.
 14139 | Lair:1   | Entered Level 1 of the Lair of Beasts
 14142 | Lair:1   | Identified the ring "Qivak" {*Drain rN+ Dex+9 Slay+3
                  | Stlth+} (You found it on level 12 of the Dungeon)
 14254 | Lair:1   | Reached skill level 10 in Fighting
 14254 | Lair:1   | Reached skill level 10 in Armour
 14272 | Lair:1   | Found a dark tunnel.
 14285 | Lair:1   | Reached skill level 1 in Evocations
 14340 | Volcano  | Entered a volcano
 14371 | Volcano  | Reached skill level 5 in Dodging
 14851 | Volcano  | Received a gift from Okawaru
 15641 | Lair:2   | Reached ****** piety under Okawaru
 15672 | Lair:2   | Received a gift from Okawaru
 16605 | Lair:3   | Noticed Urug
 16615 | Lair:3   | Killed Urug
 16615 | Lair:3   | Reached XP level 14. HP: 107/111 MP: 17/17
 16841 | Lair:3   | Found a hole to the Spider Nest.
 17762 | Lair:4   | Reached skill level 15 in Polearms
 18009 | Lair:4   | Reached skill level 5 in Evocations
 18222 | Lair:4   | Received a gift from Okawaru
 18225 | Lair:4   | Got a bloodstained plate armour {god gift}
 18236 | Lair:4   | Identified the +0 plate armour "Yruod" {Slay+3} (Okawaru
                  | gifted it to you on level 4 of the Lair of Beasts)
 18761 | Lair:5   | Noticed Snorg
 18778 | Lair:4   | Killed Snorg
 18810 | Lair:5   | Noticed Sonja
 18816 | Lair:5   | Killed Sonja
 19056 | Lair:5   | Found a viscous altar of Jiyva.
 19057 | Lair:5   | Found a staircase to the Slime Pits.
 19799 | Lair:6   | Entered Level 6 of the Lair of Beasts
 19940 | Lair:6   | Found an ancient bone altar of Kikubaaqudgha.
 20089 | Lair:6   | Reached XP level 15. HP: 119/119 MP: 18/18
 20441 | Lair:6   | Reached skill level 16 in Polearms
 21397 | Lair:6   | Received a gift from Okawaru
 21433 | Lair:6   | Found a runed translucent door.
 21500 | Lair:6   | Received a gift from Okawaru
 23568 | D:14     | Reached XP level 16. HP: 128/128 MP: 19/19
 23739 | D:14     | Reached skill level 17 in Polearms
 24211 | D:14     | Received a gift from Okawaru
 24335 | D:14     | Got a dazzling bardiche
 24336 | D:14     | Identified the +7 bardiche "Quhynan" {chop, Dex+3} (You
                  | found it on level 14 of the Dungeon)
 24431 | D:14     | Found a gate to the Vaults.
 24457 | D:14     | Found Poameano's Magic Scroll Emporium.
 24467 | D:14     | Bought a scroll of summoning for 133 gold pieces
 24467 | D:14     | Bought a scroll of acquirement for 728 gold pieces
 24882 | D:15     | Entered Level 15 of the Dungeon
 25375 | D:15     | Received a gift from Okawaru
 25487 | D:15     | Reached skill level 18 in Polearms
 25575 | D:15     | Received a gift from Okawaru
 25610 | D:15     | Received a gift from Okawaru
 25990 | D:15     | Found a staircase to the Depths.
 26044 | D:15     | Received a gift from Okawaru
 26464 | Orc:1    | Entered Level 1 of the Orcish Mines
 26464 | Orc:1    | Found Utet's Jewellery Shop.
 26493 | Orc:1    | Bought the ring of Gagieniu {rElec rF+ rN+ Slay+2 Stlth-}
                  | for 627 gold pieces
 26807 | Orc:2    | Entered Level 2 of the Orcish Mines
 26826 | Orc:2    | Noticed Nessos
 27065 | Orc:2    | Found a gate leading to a gauntlet.
 27089 | Gauntlet | Entered a Gauntlet
 27089 | Gauntlet | Found a transporter.
 27089 | Gauntlet | Found a transporter.
 27089 | Gauntlet | Found a transporter.
 27090 | Gauntlet | Found a transporter.
 27092 | Gauntlet | Found a transporter.
 27094 | Gauntlet | Found a transporter.
 27100 | Gauntlet | Found a transporter.
 27103 | Gauntlet | Found a transporter.
 27105 | Gauntlet | Found a transporter.
 27106 | Gauntlet | Found a transporter.
 27113 | Gauntlet | Found a transporter.
 27113 | Gauntlet | Found a transporter.
 27205 | Gauntlet | Found a runed translucent door.
 27734 | Orc:2    | Reached skill level 19 in Polearms
 27764 | Orc:2    | Found a staircase to the Elven Halls.
 27775 | Orc:2    | Found Moojucatt's Antique Weapon Emporium.
 27787 | Orc:2    | Found a roughly hewn altar of Beogh.
 27837 | Orc:2    | Found a roughly hewn altar of Beogh.
 28182 | Orc:2    | Killed Nessos
 28265 | Orc:2    | Received a gift from Okawaru
 28271 | Orc:2    | Found Cootwoci's Antique Armour Emporium.
 28272 | Orc:2    | Found a roughly hewn altar of Beogh.
 28273 | Orc:2    | Found Qeas's Antique Weapon Shoppe.
 28295 | Orc:2    | Bought a translucent buckler for 285 gold pieces
 28295 | Orc:2    | Bought a pair of runed gloves for 225 gold pieces
 28333 | Orc:2    | Identified the +0 buckler of Medoivown {rPois Regen+ Str+6
                  | Dex-3} (You bought it in a shop on level 2 of the Orcish
                  | Mines)
 28691 | Orc:2    | Found a roughly hewn altar of Beogh.
 28731 | Orc:2    | Found Xufotsa's Book Shop.
 28789 | Orc:2    | Found a roughly hewn altar of Beogh.
 28903 | Orc:2    | Found a roughly hewn altar of Beogh.
 28903 | Orc:2    | Noticed Donald
 28919 | Orc:2    | Killed Donald
 28919 | Orc:2    | Reached XP level 17. HP: 134/134 MP: 14/20
 28933 | Orc:2    | Found Ijewuq's Book Shop.
 29252 | Spider:1 | Entered Level 1 of the Spider Nest
 30016 | Spider:1 | Reached skill level 20 in Polearms
 30302 | Spider:1 | Received a gift from Okawaru
 30305 | Spider:1 | Got a pair of distressingly furry boots {god gift}
 30318 | Spider:1 | Identified the +0 pair of boots of the Mackerel {rN+ Dex+5}
                  | (Okawaru gifted it to you on level 1 of the Spider Nest)
 32653 | Spider:3 | Received a gift from Okawaru
 32654 | Spider:3 | Found the +3 robe of Folly {Archmagi, MR-- Int+5}
 32961 | Spider:3 | Noticed Azrael
 32996 | Spider:3 | Killed Azrael
 32996 | Spider:3 | Reached XP level 18. HP: 124/143 MP: 16/21
 33980 | Spider:4 | Entered Level 4 of the Spider Nest
 34227 | Spider:4 | Noticed Arachne
 34275 | Spider:4 | Killed Arachne
 34281 | Spider:4 | Reached skill level 10 in Dodging
 34503 | Spider:4 | Received a gift from Okawaru
 34715 | Spider:4 | Got a gossamer rune of Zot
 35344 | Lair:2   | Found a staircase to the Shoals.
 35371 | Shoals:1 | Entered Level 1 of the Shoals
 35576 | Shoals:1 | Found Izuragoa's Book Boutique.
 36271 | Shoals:2 | Identified the +3 trident of Lies {drain, rElec rF+}
 36273 | Shoals:2 | Noticed krigyl's ghost (adept HaHu)
 36274 | Shoals:2 | Noticed Nikola
 36484 | Shoals:2 | Reached XP level 19. HP: 150/152 MP: 22/22
 36553 | Shoals:2 | Noticed Polyphemus
 36567 | Shoals:2 | Killed Polyphemus
 36567 | Shoals:2 | Received a gift from Okawaru
 36606 | Shoals:2 | Found a transporter.
 36631 | Shoals:2 | Identified the cursed +3 trident of the Pure Blessings
                  | {drain, rElec Str+7 Int-2}
 36831 | Shoals:2 | Received a gift from Okawaru
 36842 | Shoals:2 | Got an ancient chain mail {god gift}
 36843 | Shoals:2 | Identified the +2 chain mail of Inaction {rC+ Str+3 Int+3}
                  | (Okawaru gifted it to you on level 2 of the Shoals)
 36900 | Shoals:2 | Found a transporter.
 36900 | Shoals:2 | Identified the +11 demon blade of Rotation {pain, SInv}
 36900 | Shoals:2 | Identified the ring "Wifosm" {Wiz rElec rPois MR- Slay+6}
 36919 | Shoals:2 | Found a bloodstained altar of Trog.
 37270 | Shoals:2 | Reached skill level 21 in Polearms
 37777 | Shoals:3 | Killed Nikola
 38685 | Shoals:4 | Entered Level 4 of the Shoals
 39113 | Shoals:4 | Reached skill level 15 in Fighting
 39117 | Shoals:4 | Received a gift from Okawaru
 39117 | Shoals:4 | Reached skill level 15 in Armour
 40115 | Shoals:4 | Reached XP level 20. HP: 158/162 MP: 23/23
 40507 | Shoals:4 | Got a barnacled rune of Zot
 40809 | Vaults:1 | Entered Level 1 of the Vaults
 42127 | Vaults:1 | Received a gift from Okawaru
 42237 | Vaults:1 | Noticed Frederick
 42237 | Vaults:1 | Noticed Sojobo
 42289 | D:14     | Killed Frederick
 42448 | Vaults:1 | Killed Sojobo
 42451 | Vaults:1 | Noticed Rupert
 42458 | Vaults:1 | Killed Rupert
 42635 | Vaults:2 | Gained mutation: Scrolls take you a little longer to read.
                  | [a neqoxec]
 42922 | Vaults:2 | Reached XP level 21. HP: 171/171 MP: 24/24
 43326 | Vaults:2 | Found Teciu's Jewellery Shoppe.
 43740 | Vaults:2 | Received a gift from Okawaru
 43990 | Vaults:2 | Received a gift from Okawaru
 44004 | Vaults:2 | Reached skill level 22 in Polearms
 44267 | Vaults:3 | Found a flickering gateway to a bazaar.
 44274 | Bazaar   | Entered a bazaar
 44287 | Bazaar   | Found Hoyhotiw's Antique Armour Emporium.
 44287 | Bazaar   | Found Bijoihe's Antique Armour Emporium.
 44293 | Bazaar   | Bought a bronze plate armour for 840 gold pieces
 44293 | Bazaar   | Bought a steaming shield for 285 gold pieces
 44309 | Bazaar   | Identified the cursed +1 plate armour of Yschig {rN+ rCorr
                  | Slay+6} (You bought it in a shop in a bazaar)
 44323 | Bazaar   | Identified the +2 shield of Tulips {MR+ Dex+3} (You bought
                  | it in a shop in a bazaar)
 44364 | Bazaar   | Found Firroev's Antique Weapon Shoppe.
 44364 | Bazaar   | Found Cimuciurphe's Food Shoppe.
 44382 | Bazaar   | Bought a ration for 35 gold pieces
 44382 | Bazaar   | Bought a ration for 35 gold pieces
 44382 | Bazaar   | Bought a ration for 35 gold pieces
 44382 | Bazaar   | Bought a ration for 35 gold pieces
 44382 | Bazaar   | Bought a ration for 35 gold pieces
 44382 | Bazaar   | Bought a ration for 35 gold pieces
 44382 | Bazaar   | Bought a ration for 35 gold pieces
 44436 | Vaults:3 | Found a large runed translucent door.
 44436 | Vaults:3 | Found a large runed translucent door.
 44436 | Vaults:3 | Noticed jejorda2's ghost (adept TrFi)
 44436 | Vaults:3 | Noticed Kilextei's ghost (adept DsGl)
 44437 | Vaults:3 | Identified the cursed +1 triple crossbow of the Pill Bug
                  | {velocity, Dex+4}
 44481 | Vaults:3 | Found a staircase to the Crypt.
 44497 | Vaults:3 | Received a gift from Okawaru
 45190 | Vaults:3 | You fall into a shaft and drop 1 floor!
 45197 | Vaults:4 | Noticed Mara
 45206 | Vaults:4 | Killed Mara
 45206 | Vaults:4 | Received a gift from Okawaru
 45207 | Vaults:4 | Reached XP level 22. HP: 181/181 MP: 19/25
 45402 | Vaults:4 | Got a pair of pitted boots {god gift}
 45405 | Vaults:4 | Identified the +0 pair of boots "Toidd" {*Drain rF+ Stlth+}
                  | (Okawaru gifted it to you on level 4 of the Vaults)
 45408 | Vaults:4 | Found Jirot's Food Emporium.
 46402 | Vaults:3 | Received a gift from Okawaru
 46823 | Vaults:4 | Found the +0 staff of Battle
 47802 | Elf:1    | Entered Level 1 of the Elven Halls
 48035 | Elf:1    | Found Iptimapp's Assorted Antiques.
 48425 | Elf:1    | Identified Keiqoeme's Guide on Summoning
 48660 | Elf:2    | Found Adoxkasa's Antique Weapon Emporium.
 48718 | Elf:2    | Found Lussigah's Food Boutique.
 48727 | Elf:2    | Received a gift from Okawaru
 48785 | Elf:2    | Reached XP level 23. HP: 190/190 MP: 26/26
 48985 | Elf:2    | Found a huge runed translucent gate.
 48985 | Elf:2    | Found a huge runed translucent gate.
 48985 | Elf:2    | Found a huge runed translucent gate.
 48985 | Elf:2    | Found a huge runed translucent gate.
 48986 | Elf:2    | Found a huge runed translucent gate.
 49348 | Elf:2    | Received a gift from Okawaru
 49772 | Elf:3    | Entered Level 3 of the Elven Halls
 49772 | Elf:3    | Found Rayj's Gadget Emporium.
 49939 | Elf:3    | Found Lynua's Antique Weapon Shop.
 50014 | Elf:3    | Found Ruiph's Distillery.
 50022 | Elf:3    | Bought a potion of heal wounds for 65 gold pieces
 50022 | Elf:3    | Bought a potion of heal wounds for 65 gold pieces
 50022 | Elf:3    | Bought a potion of heal wounds for 65 gold pieces
 50192 | Elf:3    | Received a gift from Okawaru
 50208 | Elf:3    | Reached skill level 23 in Polearms
 50221 | Elf:3    | HP: 8/288 [deep elf master archer/arrow (9)]
 50222 | Elf:3    | Shot with an arrow by a deep elf master archer

Levels and vault maps discovered:
D:1:      lightli_molten_gateway, layout_loops_ring, minmay_distorted
D:2:      layout_rooms, nicolae_overflow_hidden_temple, fedhas_altar_4,
          first_ration
D:3:      layout_rooms, minmay_misc_feat_doors, chequers_serial_rivers_room_a,
          uniq_ijyb
D:4:      layout_loops_ring, uniq_pikel
D:5:      minmay_octagon_keep, layout_basic, gammafunk_temple_overflow_claw,
          serial_shops, nicolae_shop_trees, uniq_eustachio
D:6:      layout_cave_pools, old_standard_altar, minmay_temple_entry_waves,
          kennysheep_generic_room_9, uniq_blork_the_orc
D:7:      layout_gridville, the_bakery
D:8:      layout_cave_pods, dpeg_lair_monsters, enter_ossuary_1,
          grunt_tough_drop, uniq_harold, uniq_joseph
D:9:      minmay_bloctagon_deflated, layout_rooms
D:10:     minmay_chambers_of_sixes, layout_loops_ring, david_orc_3
D:11:     layout_big_octagon, uniq_maurice, uniq_josephine
D:12:     layout_layer_cave, minmay_misc_feat_more_columns, minmay_more_statues
D:13:     layout_roguey
D:14:     layout_layer_cave, david_vaults_1, serial_shops, nicolae_shop_crystal,
          chequers_serial_rivers_small_3
D:15:     grunt_enter_depths_magical_seal, layout_rooms,
          chequers_serial_rivers_marsh, lightli_corner_chamber
Temple:   eino_temple_scatter_basement
Lair:1:   layout_big_grid, nicolae_volcano_entry_vermiform
Lair:2:   layout_long_grid, minmay_shoals_entry_hut,
          chequers_serial_rivers_marsh, minivault_11, wad_woods_02,
          serial_bayou_shore_b
Lair:3:   statuecave_lemuel, layout_cave_pods, spider_nest_entry_rubble,
          uniq_urug
Lair:4:   minmay_lair_venomous_thicket, layout_cave_pods, beast_lair_carwin_9
Lair:5:   cheibrodos_lair_river_kwai, layout_loops_ring, slime_altar_1,
          grunt_megastairs_2, uniq_snorg, uniq_sonja
Lair:6:   wormcave, layout_loops_ring, hangedman_lair_in_review, basic_altar
Shoals:1: layout_shoals, serial_shops, shop
Shoals:2: layout_shoals, gammafunk_ghost_wrathful_warriors, uniq_polyphemus,
          uniq_nikola
Shoals:3: layout_shoals, nicolae_shoals_water_shrine
Shoals:4: shoals_end_grunt_ice, layout_shoals, yaktaur_hedge
Spider:1: nicolae_spider_corner
Spider:2: nicolae_spider_mines_3
Spider:3: layout_spider_delve, uniq_azrael
Spider:4: johnstein_spider_rune_arachne_lair, worms_lemuel
Orc:1:    layout_caves, serial_shops, shop
Orc:2:    grunt_orc_community_town_hall, layout_caves,
          grunt_orc_community_big_house_2, grunt_orc_community_big_house_1,
          grunt_orc_community_house_3, grunt_orc_community_house_1,
          grunt_orc_community_house_3, grunt_orc_community_house_1, basic_altar,
          serial_shops, nicolae_shop_stone, gauntlet_entry_generic, uniq_donald,
          uniq_nessos
Elf:1:    minmay_elf_arrival_circle, layout_gridlike, serial_shops,
          nicolae_shop_trees, minmay_elf_demonology
Elf:2:    layout_gridlike, serial_shops, nicolae_shop_trees,
          nicolae_shop_waterfront, glass_columns_a, drop_trap
Elf:3:    grunt_elf_hall_branching, layout_geoelf_castle, serial_shops, shop,
          shop, shop, nrook_uturn
Vaults:1: vaults_room_octagon, vaults_room_fours, vaults_room_stairs_pillars,
          nicolae_vaults_puzzle_piece, v_misc_30, sword_in_stone,
          vaults_dpeg_ring, hangedman_vaults_nails, vaults_room_pools,
          layout_vaults_quadrants
Vaults:2: hangedman_vaults_capsules, v_misc_10, v_misc_30,
          dpeg_vaults_monster_box, ontoclasm_vaults_bender, vaults_dpeg_cross,
          v_misc_30, vaults_dpeg_encased_lava, hangedman_vaults_stagger,
          dpeg_vaults_waves, ontoclasm_vaults_loading_screen,
          ontoclasm_vaults_idyll, vaults_room_stairs_pillars,
          vaults_room_semicircle, nicolae_vaults_angled_halls,
          layout_vaults_big_cross, serial_shops, nicolae_shop_stone,
          uniq_frederick
Vaults:3: advil_vaults_ghost_guards, nicolae_vaults_mini_display_case,
          v_misc_19, minmay_crypt_entry_simple_corners, v_misc_15,
          nicolae_vaults_windows_and_doors_thing, grunt_vaults_bifocal,
          v_alt_pattern_2, hangedman_vaults_pinch, ontoclasm_vaults_misaligned,
          vaults_mumra_hex, vaults_room_grunt_arrival_checkpoint,
          ontoclasm_vaults_ring_large, hangedman_vaults_stretched_pinwheel,
          nicolae_vaults_shelves_hall, layout_vaults_maze_snakey, serial_shops,
          bzr_entry_road
Vaults:4: hangedman_vaults_stretched_pinwheel, ontoclasm_vaults_pinch,
          vaults_room_boxed, ontoclasm_vaults_eye, v_misc_17,
          ontoclasm_vaults_hangar, v_misc_25, layout_vaults_chaotic_city,
          serial_shops, nicolae_shop_temple_entry_statues_fountains, uniq_mara

Skill      XL: |  1  2  3  4  5  6  7  8  9 10 11 12 13 14 15 16 17 18 19 20 21 22 23 |
---------------+----------------------------------------------------------------------+-----
Polearms       | 3 4 5 8 10 12 14 15 16 19 20 21 22 23 | 23.0
Invocations    | 4 5 |  5.0
Throwing       | 2 5 |  5.0
Shields        | 4 7 9 |  9.0
Fighting       | 4 6 9 10 11 12 13 14 15 16 17 18 | 18.4
Armour         | 4 6 9 10 11 12 13 14 15 16 17 18 | 18.4
Dodging        | 3 5 7 8 9 10 11 12 13 14 | 14.8
Evocations     | 3 5 |  5.0

Action                   |  1- 3 |  4- 6 |  7- 9 | 10-12 | 13-15 | 16-18 | 19-21 | 22-24 || total
-------------------------+-------+-------+-------+-------+-------+-------+-------+-------++-------
Melee: Trident           |   114 |   175 |   195 |   674 |    29 |       |       |       ||  1187
       Glaive            |       |       |       |       |   709 |    67 |       |       ||   776
       Spear             |       |       |       |       |   111 |    31 |       |       ||   142
       Bardiche          |       |       |       |       |       |   756 |   880 |   497 ||  2133
Throw: Stone             |     3 |       |       |       |       |       |       |       ||     3
       Boomerang         |       |     6 |    49 |   224 |   385 |   186 |   229 |   173 ||  1252
       Javelin           |       |       |       |       |       |   163 |    18 |       ||   181
Invok: Heroism           |       |       |       |     5 |    10 |     8 |    26 |    10 ||    59
       Finesse           |       |       |       |       |     1 |     5 |     9 |     8 ||    23
 Abil: Dig               |       |       |       |     1 |    12 |    41 |    13 |       ||    67
Evoke: Wand              |       |       |       |     5 |    12 |     1 |       |       ||    18
  Use: Scroll            |     6 |     4 |    13 |     3 |     9 |     4 |    10 |     2 ||    51
       Potion            |       |     1 |       |     1 |     1 |     7 |     8 |     9 ||    27
 Stab: Invisible         |       |     1 |       |     6 |       |       |       |       ||     7
       Distracted        |       |       |       |     1 |       |     1 |     1 |       ||     3
       Petrifying        |       |       |       |       |     2 |       |       |       ||     2
  Eat: Chunk             |       |     5 |     5 |    10 |    18 |    10 |     6 |       ||    54
       Ration            |       |       |     2 |     3 |     6 |    10 |     7 |     5 ||    33
Armor: Scale mail        |    21 |       |       |       |       |       |       |       ||    21
       Chain mail        |    18 |    33 |    47 |   125 |   211 |   296 |   147 |       ||   877
       Plate armour      |       |    20 |       |       |       |       |    16 |    89 ||   125
       Ice dragon scales |       |       |       |       |     5 |       |       |       ||     5
       Skin              |       |       |       |       |       |       |    47 |    32 ||    79
Dodge: Dodged            |    21 |    30 |    15 |   104 |   249 |   508 |   364 |   159 ||  1450
Block: Shield            |    50 |    71 |    46 |   218 |   327 |   133 |       |       ||   845
       Buckler           |       |       |       |       |       |   261 |   223 |   115 ||   599

Table legend:
 A = Non-vault XP
 B = Vault XP
 C = Vault XP percentage of total XP
 D = Non-vault monster count
 E = Vault monster count
 F = Vault count percentage of total count
                 A         B        C        D         E       F
            +---------+---------+-------+---------+---------+-------
      Total |  352903 |  292761 |  45.3 |    1069 |     549 |  33.9
            +---------+---------+-------+---------+---------+-------
        D:1 |      44 |       1 |   2.2 |      25 |       1 |   3.8
        D:2 |      75 |       0 |   0.0 |      25 |       0 |   0.0
        D:3 |     151 |      36 |  19.3 |      10 |       1 |   9.1
        D:4 |     179 |     651 |  78.4 |       4 |       1 |  20.0
        D:5 |     429 |     688 |  61.6 |      12 |      10 |  45.5
        D:6 |     674 |       0 |   0.0 |      26 |       0 |   0.0
        D:7 |    1203 |     224 |  15.7 |      21 |       1 |   4.5
        D:8 |    1296 |    4605 |  78.0 |      22 |      15 |  40.5
        D:9 |     920 |    1005 |  52.2 |      25 |       4 |  13.8
       D:10 |    1731 |    1348 |  43.8 |      27 |      11 |  28.9
       D:11 |    6314 |    2407 |  27.6 |      37 |       6 |  14.0
       D:12 |    3744 |       0 |   0.0 |      23 |       0 |   0.0
       D:13 |    9794 |       0 |   0.0 |      55 |       0 |   0.0
       D:14 |    8773 |    8122 |  48.1 |      42 |       6 |  12.5
       D:15 |   17358 |    4725 |  21.4 |      39 |      10 |  20.4
     Lair:1 |    2216 |    1017 |  31.5 |      15 |       3 |  16.7
     Lair:2 |    2107 |    1142 |  35.1 |      11 |       5 |  31.2
     Lair:3 |    5404 |    1377 |  20.3 |      28 |       2 |   6.7
     Lair:4 |    8455 |    4518 |  34.8 |      27 |      18 |  40.0
     Lair:5 |    1068 |    5310 |  83.3 |       5 |      10 |  66.7
     Lair:6 |   15733 |   17804 |  53.1 |      51 |      38 |  42.7
   Shoals:1 |   13582 |       0 |   0.0 |      32 |       0 |   0.0
   Shoals:2 |   22540 |    6705 |  22.9 |      44 |       6 |  12.0
   Shoals:3 |    8213 |    8658 |  51.3 |      15 |      10 |  40.0
   Shoals:4 |   14595 |   18714 |  56.2 |      28 |      27 |  49.1
   Spider:1 |   14128 |   16283 |  53.5 |      46 |      38 |  45.2
   Spider:2 |   11105 |    2511 |  18.4 |      29 |       7 |  19.4
   Spider:3 |   25507 |    1977 |   7.2 |      58 |       6 |   9.4
   Spider:4 |    1689 |   22295 |  93.0 |       4 |      40 |  90.9
      Orc:1 |     715 |    2027 |  73.9 |      10 |       8 |  44.4
      Orc:2 |     947 |    7854 |  89.2 |      13 |      60 |  82.2
      Elf:1 |   11531 |    7630 |  39.8 |      20 |      12 |  37.5
      Elf:2 |   17039 |   22600 |  57.0 |      28 |      29 |  50.9
      Elf:3 |    5081 |   11257 |  68.9 |       9 |       7 |  43.8
   Vaults:1 |   17269 |   28319 |  62.1 |      31 |      27 |  46.6
   Vaults:2 |   37039 |   24181 |  39.5 |      50 |      37 |  42.5
   Vaults:3 |   36374 |   28595 |  44.0 |      71 |      42 |  37.2
   Vaults:4 |   27881 |   21454 |  43.5 |      51 |      15 |  22.7
    Ossuary |       0 |     156 | 100.0 |       0 |      16 | 100.0
    Volcano |       0 |    3511 | 100.0 |       0 |      10 | 100.0
   Gauntlet |       0 |    3054 | 100.0 |       0 |      10 | 100.0
            +---------+---------+-------+---------+---------+-------
